 Dungeon Crawl Stone Soup version 0.30-a0-557-ge2afbf3030 (webtiles) character file.

Game seed: 7418054090710534059

18 sokol815 the Sneak (level 2, -3/19 HPs)
             Began as a Kobold Delver on Dec 27, 2022.
             Was an Initiate of Wu Jian.
             Shot with an arrow by a centaur (11 damage)
             ... on level 5 of the Dungeon.
             The game lasted 00:01:03 (237 turns).

sokol815 the Sneak (Kobold Delver)                   Turns: 237, Time: 00:01:03

Health: -3/19      AC:  1    Str:  9    XL:     2   Next: 85%
Magic:  2/2        EV: 14    Int: 11    God:    Wu Jian [......]
Gold:   12         SH:  0    Dex: 16    Spells: 1/1 levels left

rFire   + . .      SeeInvis .    a - +0 short sword
rCold   + . .      Faith    .    (no shield)
rNeg    + . .      Spirit   .    b - +0 leather armour
rPois   +          Reflect  .    e - -2 hat of the Alchemist {rElec rPois rF+ rC+ rN+ Will+ rMut rCorr}
rElec   +          Harm     .    (no cloak)
rCorr   +          Rampage  .    (no gloves)
rMut    +                        (no boots)
Will    +....                    (no amulet)
Stlth   ++++                     (no ring)
HPRegen 0.23/turn                (no ring)
MPRegen 0.08/turn

@: hasted, very quick
A: small, no large weapons, nightstalker 3
a: Renounce Religion


You were on level 5 of the Dungeon.
You worshipped Wu Jian.
Wu Jian was noncommittal.
You visited 2 branches of the dungeon, and saw 2 of its levels.

You collected 12 gold pieces.

Inventory:

Hand Weapons
 a - a +0 short sword (weapon)
Armour
 b - a +0 leather armour (worn)
 e - the -2 hat of the Alchemist (worn) {rElec rPois rF+ rC+ rN+ Will+ rMut rCorr}
   (You found it on level 5 of the Dungeon)

   rF:        It protects you from fire.
   rC:        It protects you from cold.
   rElec:     It insulates you from electricity.
   rPois:     It protects you from poison.
   rN:        It protects you from negative energy.
   rCorr:     It protects you from acid and corrosion.
   rMut:      It protects you from mutation.
   Will:      It increases your willpower.
Wands
 d - a wand of digging (3)
Scrolls
 c - a scroll of fog
 X - a scroll of magic mapping {@r4!r}


   Skills:
 - Level 3.2 Fighting
 + Level 4.2 Short Blades
 - Level 2.4 Dodging
 - Level 6.6 Stealth


You had one spell level left.
You didn't know any spells.
Your spell library was empty.

Dungeon Overview and Level Annotations

Branches:
Dungeon (5/15) Zot: 5940   Temple (1/1) D:5 Zot: 5821

Altars:
Ashenzari
Cheibriados
Dithmenos
Elyvilon
Fedhas
Gozag
Hepliaklqana
Kikubaaqudgha
Nemelex Xobeh
Okawaru
Qazlal
Ru
Sif Muna
Trog
Uskayaw
Vehumet
Wu Jian
Xom
Yredelemnul
Zin
The Shining One


Innate Abilities, Weirdness & Mutations

You are small and have problems with some larger weapons.
You are completely attuned to the shadows.


Message History

Bad channel name for runrest: 'Jiyva says: Divide and consume' Welcome, sokol815 the Kobold Delver.
A smirking vizier told you that the Orb of Zot is just within this dungeon.
Found a stone staircase leading down.
An adder comes into view.
The helpless adder fails to defend itself.
You impale the adder!!
You kill the adder!
Your Short Blades skill increases to level 3!
You have reached level 2!
Health restored: 19; MP restored: 2 You see here an adder corpse.
You now have 12 gold pieces.
An orc comes into view. It is wielding a +0 trident.
You see here an adder corpse.
Unknown command.
An adder comes into view.
You see here the -2 hat of the Alchemist {rElec rPois rF+ rC+ rN+ Will+ rMut rCorr}.
e - the -2 hat of the Alchemist {rElec rPois rF+ rC+ rN+ Will+ rMut rCorr} You aren't carrying any pieces of jewellery.
You start putting on your armour.
You continue putting on the -2 hat of the Alchemist {rElec rPois rF+ rC+ rN+ Will+ rMut rCorr}. x4
You finish putting on the -2 hat of the Alchemist {rElec rPois rF+ rC+ rN+ Will+ rMut rCorr}.
The helpless adder fails to defend itself.
You impale the adder!!
You kill the adder!
Your Short Blades skill increases to level 4!
Found a staircase to the Ecumenical Temple.
A centaur comes into view.
A shadow imp comes into view.
The shadow imp shouts!
There is a staircase to the Ecumenical Temple here.
You climb downwards.
Welcome to the Ecumenical Temple!
There is a staircase back to the Dungeon here.
You open the door.
Found three altars.
Found three altars.
There is an open door here.
There is an open door here.
Found three altars.
There is a snail-covered altar of Cheibriados here.
Found three altars.
There is a bloodstained altar of Trog here.
Found three altars.
There is an iron altar of Okawaru here.
Found three altars.
There is an opulent altar of Gozag here.
Found three altars.
There is a blossoming altar of Fedhas here.
There is a sacrificial altar of Ru here.
There is a sparkling altar of Nemelex Xobeh here.
There is an ornate altar of the Wu Jian Council here.
You kneel at the altar of Wu Jian.
The Council welcomes you!
You can now perform damaging attacks by moving towards foes.
(D) Dungeon (T) Temple
Where to? (? - help)
There is a stormy altar of Qazlal here.
There is an open door here.
There is a staircase back to the Dungeon here.
You climb upwards.
The centaur shouts!
The shadow imp misses you. The shadow imp barely misses you.
There is a staircase to the Ecumenical Temple here.
There are monsters nearby!
The centaur wields a +0 shortbow.
The centaur shoots an arrow.
The arrow hits you!
Ouch! That really hurt!
The shadow imp closely misses you.
You climb downwards.
Welcome back to the Ecumenical Temple!
There is a staircase back to the Dungeon here.
You take 9 damage, and have 10/19 hp.
MASSIVE DAMAGE!!
You barely miss the shadow imp. The shadow imp hits you.
You take 3 damage, and have 7/19 hp.
You hit the shadow imp but do no damage.
Unknown command.
You hit the shadow imp. The shadow imp gestures at you.
You are unaffected.
Okay, then.
As you read the scroll of fear, it crumbles to dust.
You assume a fearsome visage.
The shadow imp looks frightened!
You feel yourself speed up.
You can't go down here!
You climb upwards.
The centaur shoots an arrow.
The arrow hits you!
Ouch! That really hurt!
You die...

###. ###... #...#.
#####.###. ..
......# ## ## #.c
####..# ##.##...
#..# .#....... #..##
#...@..#.. #...#
......###.## #.#.#
####..###..####.#.##
##..##..#.......##
...#..##..........#
........#.........#
#...#.............#
#..####...........
.# #.........#.


You could see a centaur.

Vanquished Creatures
  2 adders (D:5)
2 creatures vanquished.

Notes
Turn   | Place    | Note
-------+----------+-------------------------------------------
     0 | D:5      | sokol815 the Kobold Delver began the quest for the Orb.
     0 | D:5      | Reached XP level 1. HP: 14/14 MP: 1/1
    25 | D:5      | Reached skill level 3 in Short Blades
    25 | D:5      | Reached XP level 2. HP: 19/19 MP: 2/2
    34 | D:5      | Found the -2 hat of the Alchemist {rElec rPois rF+ rC+ rN+
                  | Will+ rMut rCorr}
    49 | D:5      | Reached skill level 4 in Short Blades
    50 | D:5      | Found a staircase to the Ecumenical Temple.
    52 | D:5      | Noticed a centaur
    56 | Temple   | Entered the Ecumenical Temple
   195 | Temple   | Became a worshipper of the Wu Jian Council
   237 | D:5      | Shot with an arrow by a centaur

Illustrated notes

Levels and vault maps discovered:
D:5:      layout_rooms, minmay_temple_entry_wispy
Temple:   kilobyte_greek_temple

Skill      XL: |  1  2 |
---------------+-------+-----
Short Blades   | 3 4 |  4.2
Fighting       | |  3.2
Dodging        | |  2.4
Stealth        | |  6.6

Action                   || total
-------------------------++-------
Melee: Short sword       ||     5
  Use: Scroll            ||     1
       Potion            ||     1
 Stab: Sleeping          ||     2
Dodge: Dodged            ||     3

Table legend: (Time is in decaauts)
 A = Elapsed time spent in this place.
 B = Non-inter-level travel time spent in this place.
 C = Inter-level travel time spent in this place.
 D = Time resting spent in this place.
 E = Time spent auto-exploring this place.
 F = Levels seen in this place.
 G = Mean time per level.
                   A        B        C        D        E       F      G
               +--------+--------+--------+--------+--------+-----+--------+
         Total |    236 |    203 |     33 |      0 |    141 |   2 |  118.0 |
       Dungeon |     58 |     57 |      1 |      0 |     20 |   1 |   58.0 |
        Temple |    178 |    146 |     32 |      0 |    121 |   1 |  178.0 |
               +--------+--------+--------+--------+--------+-----+--------+

Top non-repeatable levels by time:
  Temple: 178 daAuts
     D:5: 58 daAuts

Table legend:
 A = Kills in this place as a percentage of kills in entire the game.
 B = Kills by you in this place as a percentage of kills by you in the entire game.
 C = Kills by friends in this place as a percentage of kills by friends in the entire game.
 D = Other kills in this place as a percentage of other kills in the entire game.
 E = Experience gained in this place as a percentage of experience gained in the entire game.
 F = Experience gained in this place divided by the number of levels of this place that you have seen.
                   A       B       C       D       E      F
               +-------+-------+-------+-------+-------+----------------------
         Total | 100.0 | 100.0 |   N/A |   N/A | 100.0 |  13.0
       Dungeon | 100.0 | 100.0 |   N/A |   N/A | 100.0 |  26.0
               +-------+-------+-------+-------+-------+----------------------
